AoeStats
← AxD | Cad Bane

Arena

506290788Analyzed
4v4 RM · 20d ago on Sep 13, 2026· 42m 17s· 8 players
Game mode
Random Map
Map size
Large (8 player)
Population
200
Speed
Normal
Resources
Standard
Victory
Conquest
Starting age
Dark Age
Ending age
Imperial Age
RankedLock teamsTeams togetherTeam positionsShared explorationLock speedFull tech treeHidden civsTurbo modeCheats
Victory
Defeat
🇦🇷 Persians · Argentina
1749
+11
🇦🇷 Celts · Argentina
1668
+14
🇦🇷 Magyars · Argentina
1610
+17
🇳🇿 Spanish · New Zealand
1576
+18
🇨🇱 Burgundians · Chile
1695
-18
🇸🇻 Koreans · El Salvador
1657
-16
🇦🇷 Cumans · Argentina
1590
-13
🇦🇷 Khmer · Argentina
1581
-13
AxD | Cad Bane
9:10 Feudal Age
9:21 Double-Bit Axe
10:45 Horse Collar
13:16 Scale Mail Armor
14:26 Loom
17:21 Wheelbarrow
19:21 Hand Cart
21:33 Castle Age
20:45 Forging
20:58 Heavy Plow
21:09 Bow Saw
22:41 Pikeman
23:21 Squires
23:37 Chain Mail Armor
23:52 Stone Mining
23:53 Town Watch
32:36 Imperial Age
31:35 Padded Archer Armor
34:19 Chemistry
32:44 Halberdier
34:38 Leather Archer Armor
36:14 Hand Cart
36:09 Gold Mining
37:27 Fortified Wall
39:50 Two-Man Saw
39:32 Masonry
39:03 Treadmill Crane
40:59 Crop Rotation
41:21 Conscription
AxD | MatrixWars
10:05 Feudal Age
12:50 Castle Age
11:28 Double-Bit Axe
11:24 Horse Collar
14:37 Bow Saw
15:12 Loom
20:17 Fortified Wall
20:59 Town Watch
23:32 Wheelbarrow
23:34 Heavy Plow
24:46 Masonry
26:27 Hand Cart
29:03 Imperial Age
27:01 Scale Mail Armor
27:19 Gold Mining
26:56 Pikeman
28:26 Chain Mail Armor
29:24 Ballistics
29:41 Scale Barding Armor
30:04 Double Crossbow
29:36 Heavy Scorpion
30:45 Bloodlines
31:28 Chain Barding Armor
32:28 Siege Engineers
36:26 Chemistry
35:06 Light Cavalry
35:46 Husbandry
37:03 Forging
37:29 Plate Barding Armor
39:58 Iron Casting
38:50 Halberdier
Cronos
8:44 Feudal Age
9:27 Double-Bit Axe
17:35 Loom
18:31 Horse Collar
24:44 Castle Age
24:14 Scale Barding Armor
24:57 Bloodlines
25:55 Forging
26:03 Bow Saw
33:43 Imperial Age
32:27 Heavy Plow
33:58 Chain Barding Armor
34:14 Iron Casting
33:55 Gold Mining
35:43 Gold Shaft Mining
35:50 Plate Barding Armor
36:05 Elite Steppe Lancer
38:01 Conscription
39:11 Blast Furnace
39:00 Wheelbarrow
AxD | Kurumi 002
10:08 Feudal Age
13:45 Castle Age
12:04 Double-Bit Axe
16:47 Loom
16:50 Town Watch
20:18 Wheelbarrow
22:58 Horse Collar
24:08 Heavy Plow
30:16 Imperial Age
27:20 Elite Skirmisher
28:17 Fletching
29:51 Bodkin Arrow
31:19 Bracer
ImprovingYeti
11:04 Feudal Age
14:43 Castle Age
13:14 Double-Bit Axe
13:12 Horse Collar
13:24 Gold Mining
17:08 Fervor
18:45 Sanctity
20:07 Bow Saw
24:28 Redemption
25:14 Loom
27:30 Wheelbarrow
30:41 Imperial Age
31:27 Padded Archer Armor
33:05 Fletching
35:36 Chemistry
34:54 Block Printing
35:15 Theocracy
35:05 Illumination
35:13 Stone Mining
40:08 Conscription
40:10 Supremacy
40:40 Hoardings
42:18 Hand Cart
42:05 Heavy Plow
43:05 Two-Man Saw
43:12 Two-Man Saw
_warDian_
7:32 Loom
9:46 Feudal Age
14:21 Castle Age
12:39 Double-Bit Axe
17:47 Scale Barding Armor
19:24 Forging
20:17 Bloodlines
22:28 Wheelbarrow
24:11 Bow Saw
23:55 Horse Collar
25:59 Hand Cart
25:29 Town Watch
29:19 Heavy Plow
30:04 Stone Mining
30:06 Gold Mining
35:54 Imperial Age
33:59 Chain Barding Armor
35:23 Iron Casting
34:49 Husbandry
36:24 Stone Shaft Mining
36:25 Gold Shaft Mining
35:54 Town Patrol
35:46 Elite War Elephant
37:53 Two-Man Saw
37:20 Conscription
37:39 Plate Barding Armor
38:46 Blast Furnace
39:56 Caravan
42:46 Masonry
niap_cinorhc
10:34 Feudal Age
14:40 Castle Age
12:56 Horse Collar
17:06 Double-Bit Axe
17:31 Loom
22:32 Bow Saw
24:53 Town Watch
25:45 Wheelbarrow
26:33 Pikeman
27:56 Scale Mail Armor
30:08 Forging
32:43 Imperial Age
30:30 Hand Cart
30:07 Gambesons
31:17 Chain Mail Armor
32:10 Iron Casting
32:10 Heavy Plow
32:01 Gold Mining
32:03 Stone Mining
34:17 Plate Mail Armor
33:41 Halberdier
35:16 Masonry
36:57 Capped Ram
37:45 Siege Ram
38:46 Onager
40:35 Fletching
42:11 Bodkin Arrow
43:17 Blast Furnace
42:40 Ballistics
42:28 Siege Engineers
42:45 Conscription
[Gaucho]Batata
10:06 Feudal Age
14:48 Castle Age
12:47 Horse Collar
13:13 Double-Bit Axe
16:33 Bow Saw
22:29 Wheelbarrow
22:22 Heavy Plow
24:03 Hand Cart
23:55 Gold Mining
26:24 Loom
27:36 Gold Shaft Mining
26:52 Stone Mining
29:50 Imperial Age
28:19 Bloodlines
28:05 Fletching
28:51 Ballistics
29:06 Thumb Ring
30:01 Bodkin Arrow
30:06 Padded Archer Armor
29:48 Treadmill Crane
31:39 Chemistry
31:01 Conscription
32:16 Two-Man Saw
31:47 Crop Rotation
31:44 Bracer
32:11 Heavy Cavalry Archer
33:21 Husbandry
33:48 Leather Archer Armor
33:36 Recurve Bow
33:42 Light Cavalry
34:28 Scale Barding Armor
34:49 Hussar
36:21 Chain Barding Armor
36:32 Ring Archer Armor
36:20 Elite Magyar Huszar
37:51 Plate Barding Armor
37:29 Corvinian Army
39:49 Parthian Tactics
39:37 Masonry
42:20 Caravan
Connection lost

Rejoining the realm…

Still unreachable

The connection could not be restored.

Session expired

The server has moved on; the page needs a fresh start.